 Dungeon Crawl Stone Soup version 0.22.0-36-g8e74550 (webtiles) character file.

56224 Faca the Grappler (level 14, -4/150 HPs)
             Began as a Troll Hunter on Aug 24, 2018.
             Slain by a torpor snail (18 damage)
             ... on level 6 of the Lair of Beasts on Aug 25, 2018.
             The game lasted 00:47:23 (17680 turns).

Faca the Grappler (Troll Hunter)                   Turns: 17680, Time: 00:47:24

Health: -4/150     AC: 12    Str: 30    XL:     14   Next: 41%
Magic:  13/13      EV: 12    Int:  7    God:
Gold:   1211       SH: 11    Dex: 10    Spells: 13/13 levels left

rFire    . . .     SeeInvis .     - Unarmed
rCold    . . .     Gourm    +   K - +0 shield
rNeg     . . .     Faith    .   m - +1 steam dragon scales
rPois    .         Spirit   .   (helmet restricted)
rElec    .         Reflect  .   S - +2 cloak {+Inv}
rCorr    .         Harm     .   (gloves unavailable)
MR       +....                  (boots unavailable)
Stlth    +.........             (no amulet)
HPRegen  0.75/turn              n - +3 ring of evasion
MPRegen  0.13/turn              D - +3 ring of strength

@: about to teleport, slowed, very slow
A: large, unfitting armour, claws 3, fast metabolism 3, gourmand, regeneration
1, shaggy fur 1, tough skin 2
a: Evoke Invisibility


You were on level 6 of the Lair of Beasts.
You were very full.

You visited 2 branches of the dungeon, and saw 18 of its levels.
You also visited: Volcano.

You collected 1268 gold pieces.
You spent 57 gold pieces at shops.

Inventory:

Missiles
 c - 5 large rocks
 d - 3 throwing nets
 u - 4 javelins
 z - 10 tomahawks (quivered)
 I - 5 javelins of returning
Armour
 m - +1 steam dragon scales (worn)
 B - +0 fire dragon scales
 K - a +0 shield (worn)
 S - a +2 cloak of invisibility (worn)
Jewellery
 n - a +3 ring of evasion (left claw)
 o - an uncursed ring of poison resistance
 v - an uncursed ring of see invisible
 C - an uncursed amulet of faith
 D - a +3 ring of strength (right claw)
 M - an uncursed ring of protection from magic
Wands
 w - a wand of flame (83)
 y - a wand of clouds (7)
 E - a wand of acid (16)
 N - a wand of random effects (31)
Scrolls
 g - 2 scrolls of fear
 h - 3 scrolls of immolation
 i - a scroll of magic mapping
 j - 2 scrolls of enchant weapon
 q - 4 scrolls of teleportation
 x - 7 scrolls of remove curse
 G - a scroll of silence
 J - 2 scrolls of blinking
Potions
 a - a potion of curing
 b - 4 potions of might
 e - a potion of mutation
 k - a potion of brilliance
 l - 3 potions of resistance
 r - a potion of ambrosia
 s - 2 potions of invisibility
 t - 3 potions of agility
 A - 5 potions of berserk rage
 F - 3 potions of flight
 H - a potion of haste
 L - a potion of lignification
 P - a potion of cancellation
 Q - 3 potions of heal wounds
Comestibles
 f - 44 rations


   Skills:
 + Level 12.8 Fighting
 + Level 10.6 Throwing
 - Level 1.5 Dodging
 - Level 0.3 Stealth
 + Level 7.2 Shields
 + Level 14.7 Unarmed Combat


You had 13 spell levels left.
You didn't know any spells.
Your spell library contained the following spells:

 Spells                   Type           Power        Failure   Level  Hunger
 Infusion                 Chrm           #...         56%         1    ##.....
 Magic Dart               Conj           #...         56%         1    ##.....
 Searing Ray              Conj           #.....       71%         2    ###....
 Shroud of Golubria       Chrm/Tloc      #.........   71%         2    ###....
 Song of Slaying          Chrm           #.......     71%         2    ###....
 Dazzling Spray           Conj/Hex       #.....       90%         3    ####...
 Regeneration             Chrm/Necr      #.........   90%         3    ####...
 Spectral Weapon          Hex/Chrm       #.......     90%         3    ####...
 Force Lance              Conj/Tloc      #.......     100%        4    #####..
 Fulminant Prism          Conj/Hex       #.........   100%        4    #####..
 Ice Form                 Ice/Tmut       #.......     100%        4    #####..
 Iskenderun's Mystic Bla  Conj           #.......     100%        4    #####..
 Metabolic Englaciation   Hex/Ice        #.........   100%        5    ######.
 Bolt of Cold             Conj/Ice       #.........   100%        6    #######
 Freezing Cloud           Conj/Ice/Air   #.........   100%        6    #######
 Ozocubu's Refrigeration  Ice            #.........   100%        6    #######
 Simulacrum               Ice/Necr       #.........   100%        6    #######


Dungeon Overview and Level Annotations

Branches:
Dungeon (12/15)            Temple (0/1) D:6            Lair (6/6) D:8
  Swamp (0/4) Lair:4       Spider (0/4) Lair:2        Slime (0/5) Lair:6
    Orc (0/2) D:9

Altars:
Ashenzari
Cheibriados
Elyvilon
Nemelex Xobeh
Sif Muna
Trog
Wu Jian

Shops:
D:4 :   D:10 !*[

Annotations:
D:4 3 runed doors, Strat's ghost, amateur MiSk
Lair:1 exclusion: oklob plant
Lair:2 3 runed doors, Jinaet's ghost, journeyman MfGl
Lair:6 1 runed door


Innate Abilities, Weirdness & Mutations

You are too large for most types of armour.
You have claws for hands.
Your metabolism is lightning-fast.
You like to eat raw meat.
Your natural rate of healing is unusually fast.
You are covered in fur. (AC +1)
You have very tough skin. (AC +2)


Message History

The torpor snail is heavily wounded.
The torpor snail bites you!
* * * LOW HITPOINT WARNING * * *
You scratch the torpor snail.
The torpor snail is heavily wounded.
The torpor snail bites you!
* * * LOW HITPOINT WARNING * * *
You feel better. The torpor snail bites you!
* * * LOW HITPOINT WARNING * * *
You scratch the torpor snail.
The torpor snail is heavily wounded.
You claw the torpor snail!
The torpor snail is almost dead.
A torpor snail comes into view.
The torpor snail closely misses you.
You eviscerate the torpor snail!!!
You kill the torpor snail!
As you read the scroll of teleportation, it crumbles to dust.
You feel strangely unstable. The torpor snail bites you!!
You die...

.....###
##..#.P##
....##
#####..##
...##
#.=..#
...#
##..###
..##
##..##
..##
##....#
...#
+#...###
.P##
##...###
..#
#.8.##@#
###
###..w##
##...#
##..w..
.##.P.# #
####


You could see a torpor snail.

Vanquished Creatures
  Harold (D:10)
  Fannar (Lair:2)
  5 hydras
  A centaur warrior (D:11)
  A dancing weapon (Volcano)
  6 death yaks (Lair:3)
  A lindwurm (Lair:6)
  5 wizards (Volcano)
  5 toenail golems (Volcano)
  2 manticores
  4 elephants (Lair:3)
  2 black mambas (Lair:5)
  Joseph (D:7)
  4 torpor snails
  Psyche (D:8)
  9 spiny frogs
  4 rime drakes
  An efreet (D:12)
  5 komodo dragons
  A jumping spider (Lair:2)
  A hornet (D:8)
  2 polar bears
  31 blink frogs
  29 dream sheep
  8 hippogriffs
  A vampire (D:9)
  3 redbacks (Lair:2)
  A spriggan (D:8)
  34 yaks
  A shadow (D:11)
  5 wyverns
  4 basilisks (Lair:6)
  2 steam dragons
  Grum (D:8)
  Menkaure (D:5)
  Duvessa (D:7)
  10 water moccasins
  An acid dragon (D:8)
  10 porcupines
  An ice beast (D:11)
  A phantom (D:5)
  5 orc warriors
  4 sky beasts
  4 black bears
  An ogre (D:8)
  2 eyes of draining (D:5)
  2 necrophages
  22 wolves
  16 crocodiles
  17 bullfrogs
  A big kobold (D:10)
  A wyvern zombie (D:10)
  Dowan (D:7)
  5 scorpions
  14 killer bees
  5 wights
  An electric eel (Lair:4)
  6 howler monkeys
  6 crimson imps
  7 hounds
  A quasit (D:11)
  A bullfrog zombie (D:11)
  Crazy Yiuf (D:6)
  14 jellies
  6 orc priests
  4 bullfrog skeletons
  3 iguanas
  7 orc wizards
  8 worker ants
  A hound skeleton (D:11)
  A worker ant zombie (D:8)
  7 adders
  6 gnolls (D:4)
  A shadow imp (D:6)
  11 oozes
  An adder zombie (D:5)
  An adder skeleton (D:4)
  A worm (D:3)
  41 orcs
  2 ball pythons
  4 giant cockroaches
  6 goblins
  6 hobgoblins
  A jackal (D:3)
  7 kobolds
  7 quokkas
  2 bats
  3 frilled lizards
  11 rats
493 creatures vanquished.

Vanquished Creatures (others)
  A bush (Lair:3)
  11 fungi
  29 plants
41 creatures vanquished.

Grand Total: 534 creatures vanquished

Notes
Turn   | Place    | Note
-------+----------+-------------------------------------------
     0 | D:1      | Faca the Troll Hunter began the quest for the Orb.
     0 | D:1      | Reached XP level 1. HP: 19/19 MP: 0/0
   129 | D:1      | Reached skill level 1 in Unarmed Combat
   165 | D:1      | Reached XP level 2. HP: 23/28 MP: 1/1
   555 | D:2      | Found a sparkling altar of Nemelex Xobeh.
   912 | D:2      | You fall through a shaft for 2 floors!
   929 | D:4      | Reached XP level 3. HP: 35/35 MP: 2/2
   952 | D:4      | Reached skill level 2 in Unarmed Combat
   952 | D:4      | Reached XP level 4. HP: 37/44 MP: 3/3
  1767 | D:4      | Found Poal's Book Shop.
  1776 | D:4      | Reached skill level 3 in Unarmed Combat
  1819 | D:3      | Reached XP level 5. HP: 42/53 MP: 4/4
  2357 | D:4      | Reached skill level 4 in Unarmed Combat
  2359 | D:4      | Reached XP level 6. HP: 60/62 MP: 5/5
  2420 | D:4      | Found a runed gate.
  2420 | D:4      | Found a runed gate.
  2420 | D:4      | Found a runed gate.
  2426 | D:4      | Noticed Strat's ghost (amateur MiSk)
  2700 | D:5      | Entered Level 5 of the Dungeon
  2723 | D:5      | Reached skill level 5 in Unarmed Combat
  2741 | D:5      | Reached XP level 7. HP: 65/71 MP: 6/6
  2887 | D:5      | Noticed Menkaure
  2903 | D:5      | Killed Menkaure
  2903 | D:5      | Reached skill level 5 in Fighting
  3218 | D:5      | Found a bloodstained altar of Trog.
  3235 | D:5      | Reached skill level 6 in Unarmed Combat
  3524 | D:6      | Reached XP level 8. HP: 81/81 MP: 7/7
  3621 | D:6      | Found a staircase to the Ecumenical Temple.
  3646 | D:6      | Found a white marble altar of Elyvilon.
  3839 | D:6      | Reached skill level 7 in Unarmed Combat
  3941 | D:6      | Found a runed door.
  3941 | D:6      | Noticed Crazy Yiuf
  3943 | D:6      | Killed Crazy Yiuf
  4091 | D:7      | Noticed Duvessa
  4101 | D:7      | Noticed Dowan
  4105 | D:7      | Killed Duvessa
  4115 | D:7      | Killed Dowan
  4161 | D:7      | Reached skill level 8 in Unarmed Combat
  4255 | D:7      | Reached XP level 9. HP: 93/93 MP: 8/8
  4311 | D:7      | Noticed Joseph
  4329 | D:7      | Killed Joseph
  5099 | D:8      | Paralysed by a hornet for 1 turns
  5255 | D:8      | Reached skill level 9 in Unarmed Combat
  5279 | D:8      | Noticed Psyche
  5286 | D:8      | Killed Psyche
  5414 | D:8      | Noticed a manticore
  5428 | D:8      | Killed a manticore
  5557 | D:8      | Reached skill level 10 in Unarmed Combat
  5569 | D:8      | Noticed a komodo dragon
  5572 | D:8      | Reached XP level 10. HP: 99/106 MP: 9/9
  5611 | D:8      | Noticed Grum
  5647 | D:8      | Killed Grum
  5808 | D:8      | Found a staircase to the Lair.
  6105 | D:8      | Found a deep blue altar of Sif Muna.
  6460 | D:9      | Found a white marble altar of Elyvilon.
  6461 | D:9      | Found an ornate altar of the Wu Jian Council.
  6465 | D:9      | Found a shattered altar of Ashenzari.
  6534 | D:9      | Found a staircase to the Orcish Mines.
  6558 | D:9      | Reached skill level 11 in Unarmed Combat
  7387 | D:10     | Entered Level 10 of the Dungeon
  7459 | D:10     | Found Siotiot's Armour Shoppe.
  7570 | D:10     | HP: 6/165 [killer bee (3)]
  7931 | D:10     | Found Zesuikhi's Assorted Antiques.
  7977 | D:10     | Reached skill level 10 in Fighting
  8016 | D:10     | Noticed Harold
  8019 | D:10     | Reached skill level 5 in Throwing
  8035 | D:10     | Killed Harold
  8035 | D:10     | Reached XP level 11. HP: 48/117 MP: 10/10
  8288 | D:10     | Bought a sapphire potion for 18 gold pieces
  8288 | D:10     | Bought a scroll labeled YNEERESADA for 21 gold pieces
  8288 | D:10     | Bought a cyan potion for 18 gold pieces
  8519 | D:10     | Found Mozaes Lexef's Distillery.
  8714 | D:11     | Noticed a centaur warrior
  8728 | D:11     | Killed a centaur warrior
  8797 | D:11     | Reached skill level 12 in Unarmed Combat
  9822 | Lair:1   | Entered Level 1 of the Lair of Beasts
 10678 | Lair:1   | Noticed an oklob plant
 10691 | Lair:1   | Reached skill level 1 in Shields
 10701 | Lair:1   | Reached XP level 12. HP: 122/130 MP: 11/11
 10975 | Lair:2   | Found a runed gate.
 10976 | Lair:2   | Found a runed gate.
 11054 | Lair:2   | Noticed Fannar
 11069 | Lair:2   | Killed Fannar
 11390 | Lair:2   | Found a hole to the Spider Nest.
 11621 | Lair:2   | Found a runed gate.
 11621 | Lair:2   | Noticed a 12-headed hydra
 11621 | Lair:2   | Noticed a 12-headed hydra
 11621 | Lair:2   | Noticed Jinaet's ghost (journeyman MfGl)
 12282 | Lair:3   | Found a dark tunnel.
 12297 | Volcano  | Entered a volcano
 12312 | Volcano  | Reached skill level 13 in Unarmed Combat
 12419 | Volcano  | Paralysed by a wizard for 5 turns
 12653 | Lair:3   | Noticed a death yak
 12673 | Lair:3   | Killed a death yak
 12757 | Lair:3   | Noticed a death yak
 12762 | Lair:3   | Noticed a death yak
 12763 | Lair:3   | Noticed a death yak
 12764 | Lair:3   | Noticed a death yak
 12765 | Lair:3   | Killed a death yak
 12767 | Lair:3   | Noticed a death yak
 12904 | Lair:3   | Noticed a six-headed hydra
 12926 | Lair:3   | Killed a six-headed hydra
 13001 | Lair:3   | Reached XP level 13. HP: 104/139 MP: 12/12
 13623 | Lair:3   | Reached skill level 5 in Shields
 14287 | Lair:4   | Found a snail-covered altar of Cheibriados.
 14419 | Lair:4   | Reached skill level 14 in Unarmed Combat
 14684 | Lair:4   | Found a staircase to the Swamp.
 15716 | Lair:5   | Reached skill level 10 in Throwing
 16252 | Lair:5   | Reached XP level 14. HP: 146/150 MP: 13/13
 16468 | Lair:6   | Entered Level 6 of the Lair of Beasts
 17130 | Lair:6   | Found a staircase to the Slime Pits.
 17660 | Lair:6   | Found a runed door.
 17675 | Lair:6   | HP: 6/150 [torpor snail (12)]
 17680 | Lair:6   | Slain by a torpor snail

Skill      XL: |  1  2  3  4  5  6  7  8  9 10 11 12 13 14 |
---------------+-------------------------------------------+-----
Unarmed Combat | 1 2 3 4 5 6 8 10 11 12 13 14 | 14.7
Fighting       | 2 3 4 5 7 8 10 11 12 | 12.8
Throwing       | 5 7 8 10 | 10.6
Shields        | 1 4 6 7 |  7.2
Dodging        | |  1.5
Stealth        | |  0.3

Action                   |  1- 3 |  4- 6 |  7- 9 | 10-12 | 13-15 || total
-------------------------+-------+-------+-------+-------+-------++-------
Melee: Unarmed           |    95 |   178 |   220 |   655 |   566 ||  1714
       Punch             |       |     1 |     6 |    22 |       ||    29
Throw: Tomahawk          |       |       |       |    16 |    35 ||    51
  Use: Scroll            |       |       |    23 |     9 |     5 ||    37
       Potion            |       |       |       |     6 |     1 ||     7
 Stab: Sleeping          |       |       |     2 |     3 |       ||     5
  Eat: Chunk             |    13 |    18 |    23 |    71 |    42 ||   167
Armor: Robe              |    27 |       |       |       |       ||    27
       Steam dragon scal |     6 |    63 |    57 |   214 |   196 ||   536
       Skin              |       |       |       |    89 |       ||    89
       Fire dragon scale |       |       |       |    30 |       ||    30
Dodge: Dodged            |    53 |    84 |   105 |   303 |   219 ||   764
Block: Shield            |       |       |       |   100 |   268 ||   368
